 Dungeon Crawl Stone Soup version 0.25.0-37-gb73750e (webtiles) character file.

Game seed: 9853088637529729195

265 Gadfly the Insei (level 5, 0/41 HPs)
             Began as a Draconian Transmuter on July 8, 2020.
             Killed by divine providence
             ... invoked by an orc priest
              (9 damage)
             ... on level 4 of the Dungeon.
             The game lasted 00:04:07 (3698 turns).

Gadfly the Insei (Draconian Transmuter)             Turns: 3698, Time: 00:04:08

Health: 0/41       AC:  5    Str: 12    XL:     5   Next: 99%
Magic:  9/9        EV: 17    Int: 14    God:
Gold:   167        SH:  0    Dex: 12    Spells: 4/10 levels left

rFire    . . .     SeeInvis .     - Unarmed
rCold    . . .     Gourm    .   (no shield)
rNeg     . . .     Faith    .   (armour unavailable)
rPois    .         Spirit   .   (helmet restricted)
rElec    .         Reflect  .   (no cloak)
rCorr    .         Harm     .   (no gloves)
MR       .....                  (no boots)
Stlth    +.........             (no amulet)
HPRegen  0.13/turn              e - +4 ring of evasion
MPRegen  0.11/turn              (no ring)

@: very slightly contaminated
A: unfitting armour, cold-blooded, AC +5
a: no special abilities


You were on level 4 of the Dungeon.
You were not hungry.

You visited 1 branch of the dungeon, and saw 4 of its levels.

You collected 167 gold pieces.

Inventory:

Missiles
 a - 66 arrows
Jewellery
 e - a +4 ring of evasion (left hand)
Scrolls
 d - a scroll of magic mapping
 g - a scroll of fear {unknown}
 h - 4 scrolls of identify
 i - a scroll of teleportation {unknown}
Potions
 b - a potion of magic {unknown}
 f - a potion of resistance {unknown}
 j - a potion of invisibility
Comestibles
 c - 6 rations
 k - 7 chunks of flesh


   Skills:
 + Level 2.2 Fighting
 * Level 3.0 Dodging
 * Level 4.0 Unarmed Combat
 * Level 3.1 Spellcasting
 * Level 3.5 Transmutations


You had 4 spell levels left.
You knew the following spells:

 Your Spells              Type           Power        Failure   Level  Hunger
a - Beastly Appendage     Tmut           ##....       4%          1    #......
b - Sticks to Snakes      Tmut           ##......     8%          2    ##.....
c - Spider Form           Tmut/Pois      #.........   30%         3    ###....

Your spell library contained the following spells:

 Spells                   Type           Power        Failure   Level  Hunger
 Ice Form                 Ice/Tmut       #.......     71%         4    #####..
 Blade Hands              Tmut           ##........   80%         5    ######.


Dungeon Overview and Level Annotations

Branches:
Dungeon (4/15)
 Temple: D:4-7

Altars:
Sif Muna
Uskayaw

Annotations:
D:4 2 runed translucent doors, SpecialK6886's ghost, novice OpFi


Innate Abilities, Weirdness & Mutations

Your plain brown scales are hard. (AC +5)
You cannot fit into any form of body armour.
You are cold-blooded and may be slowed by cold attacks.


Message History

You barely miss the orc priest.
The orc priest is heavily wounded.
The orc priest hits you but does no damage.
You closely miss the orc priest.
The orc priest is heavily wounded.
The orc priest mumbles some strange prayers to Beogh against you.
Pain shoots through your body!
You closely miss the orc priest.
The orc priest is heavily wounded.
The orc priest mumbles some strange prayers to Beogh against you.
Pain shoots through your body!
* * * LOW HITPOINT WARNING * * *
You hit the orc priest but do no damage.
The orc priest is heavily wounded.
The orc priest hits you but does no damage.
You hit the orc priest but do no damage.
The orc priest is heavily wounded.
The orc priest invokes the aid of Beogh against you.
Beogh smites you!
You die...

.#....... .......# ...#...
### # #.#..#.####...#... #.#
#.#.#..#......o..... #≈
#................... ##.
#..........o..... #.W
####.#).#)# #...# ##
...........####..)# #.
#####+#....).@o...#
#########.
......#.####...###.........
......................#####.
......#.#.#####..............
......#.#.......######.######
......#.#.#.....# ###.#
......#.#.#####.####.#.######
#.........##.........
#.#####..÷..........#


You could see an orc priest.

Vanquished Creatures
  An orc priest (D:4)
  An orc wizard (D:4)
  2 worker ants (D:4)
  4 gnolls
  An adder (D:3)
  A shadow imp (D:3)
  2 oozes
  3 dart slugs
  2 leopard geckos
  7 orcs
  A ball python (D:2)
  3 giant cockroaches (D:1)
  9 hobgoblins
  9 jackals (D:2)
  6 kobolds
  A quokka (D:3)
  10 bats
  6 frilled lizards
  7 goblins
  4 rats
80 creatures vanquished.

Notes
Turn   | Place    | Note
-------+----------+-------------------------------------------
     0 | D:1      | Gadfly the Draconian Transmuter began the quest for the
                  | Orb.
     0 | D:1      | Reached XP level 1. HP: 16/16 MP: 3/3
   509 | D:1      | Reached XP level 2. HP: 16/23 MP: 3/5
   513 | D:1      | Learned a level 2 spell: Sticks to Snakes
   936 | D:1      | Reached XP level 3. HP: 23/28 MP: 6/6
   941 | D:1      | Learned a level 3 spell: Spider Form
  1594 | D:1      | Reached XP level 4. HP: 7/36 MP: 4/7
  2912 | D:3      | Found a shimmering blue altar of Sif Muna.
  2958 | D:3      | Found a hide-covered altar of Uskayaw.
  3109 | D:3      | Reached XP level 5. HP: 41/41 MP: 7/9
  3416 | D:4      | Found a large runed translucent door.
  3417 | D:4      | Found a large runed translucent door.
  3452 | D:4      | Noticed SpecialK6886's ghost (novice OpFi)
  3662 | D:4      | Reached skill level 4 in Unarmed Combat
  3698 | D:4      | Killed from afar by an orc priest

Illustrated notes

Levels and vault maps discovered:
D:1:      dpeg_arrival_shrine, layout_basic, hangedman_decor_lopped,
          st_stairs_7, hangedman_abyss_or_decor_lesser_grid
D:2:      layout_basic, first_ration
D:3:      layout_basic, led_sif_pool, nicolae_overflow_hidden_temple
D:4:      layout_basic, ebering_ghost_disaster_area

Skill      XL: |  1  2  3  4  5 |
---------------+----------------+-----
Dodging        | 2 3 |  3.0
Transmutations | 3 |  3.5
Fighting       | 2 |  2.2
Spellcasting   | 3 |  3.1
Unarmed Combat | 4 |  4.0

Action                   |  1- 3 |  4- 6 || total
-------------------------+-------+-------++-------
Melee: Unarmed           |   111 |   171 ||   282
       Tailslap          |     7 |    16 ||    23
       Kick              |    10 |     2 ||    12
       Headbutt          |     1 |     9 ||    10
       Punch             |     1 |       ||     1
 Cast: Beastly Appendage |    18 |    19 ||    37
       Spider Form       |     1 |     3 ||     4
  Use: Scroll            |     1 |     5 ||     6
  Eat: Chunk             |     2 |     8 ||    10
Armor: Skin              |    38 |    35 ||    73
Dodge: Dodged            |    62 |   164 ||   226
